 Dungeon Crawl Stone Soup version 0.30-a0-2-gf48d83f5e2 (webtiles) character file.

Game seed: 10032207745059067094

620 drugrobin the Trooper (level 7, -12/93 HPs)
             Began as a Demigod Delver on Aug 20, 2022.
             Mangled by an ogre
             ... wielding a +0 giant club
              (14 damage)
             ... on level 6 of the Dungeon.
             The game lasted 00:12:22 (5670 turns).

drugrobin the Trooper (Demigod Delver)              Turns: 5670, Time: 00:12:23

Health: -12/93     AC: 15    Str: 21    XL:     7   Next: 1%
Magic:  9/9        EV:  6    Int: 12    God:
Gold:   201        SH:  0    Dex: 15    Spells: 6/6 levels left

rFire   . . .      SeeInvis .    a - +0 hand axe
rCold   . . .      Faith    .    (no shield)
rNeg    . . .      Spirit   .    p - +0 plate armour
rPois   +          Reflect  .    (no helmet)
rElec   .          Harm     .    H - +0 cloak
rCorr   +          Rampage  .    u - +2 pair of gloves
Will    .....                    y - +0 pair of boots
Stlth   ..........               (no amulet)
HPRegen 0.25/turn                v - ring of poison resistance
MPRegen 0.11/turn                w - ring of resist corrosion

@: berserking, very quick
A: high MP 1, forlorn, divine attributes
a: no special abilities


You were on level 6 of the Dungeon.
You visited 1 branch of the dungeon, and saw 6 of its levels.

You collected 201 gold pieces.

Inventory:

Hand Weapons
 a - a +0 hand axe (weapon)
 b - a +0 shortbow
Missiles
 E - 4 silver boomerangs (quivered)
 F - 7 boomerangs
Armour
 i - a +0 chain mail
 p - a +0 plate armour (worn)
 u - a +2 pair of gloves (worn)
 y - a +0 pair of boots (worn)
 C - a +0 leather armour
 H - a +0 cloak (worn)
Jewellery
 v - a ring of poison resistance (left hand)
 w - a ring of resist corrosion (right hand)
 G - a ring of flight
Wands
 g - a wand of digging (3)
Scrolls
 c - a scroll of fog
 d - a scroll of magic mapping
 h - 2 scrolls of teleportation {unknown}
 j - 2 scrolls of acquirement {unknown}
 k - a scroll of immolation {unknown}
 m - a scroll of torment {unknown}
 n - 5 scrolls of enchant armour {unknown}
 o - 3 scrolls of blinking {unknown}
 x - 3 scrolls of vulnerability {unknown}
 B - a scroll of butterflies {unknown}
 D - 3 scrolls of identify {unknown}
Potions
 f - a potion of haste
 q - 2 potions of heal wounds {unknown}
 r - a potion of might {unknown}
 s - 2 potions of lignification {unknown}
 t - a potion of curing {unknown}
 z - a potion of invisibility {unknown}
 A - 2 potions of degeneration {unknown}


   Skills:
 + Level 5.7 Fighting
 + Level 5.3 Axes
 - Level 1.7 Dodging
 - Level 4.5 Stealth


You had 6 spell levels left.
You didn't know any spells.
Your spell library contained the following spells:

 Spells                   Type           Power      Damage    Failure   Level
 Blink                    Tloc           0%         N/A       100%        2
 Sublimation of Blood     Necr           0%         N/A       100%        2
 Wereblood                Tmut           0%         N/A       100%        2
 Lesser Beckoning         Tloc           0%         N/A       100%        3
 Manifold Assault         Tloc           0%         N/A       100%        5
 Summon Hydra             Summ           0%         N/A       100%        7


Dungeon Overview and Level Annotations

Branches:
Dungeon (6/15)             Temple (0/1) D:5

Annotations:
D:3 Grinder


Innate Abilities, Weirdness & Mutations

You have an increased reservoir of magic. (+10% MP)
You shall have no god before yourself.
Your divine heritage dramatically boosts your attributes as you level up.


Message History

Unknown command.
Unknown command.
Unknown command.
You slash the ogre!
The ogre is heavily wounded.
The ogre hits you with a +0 giant club!
Unknown command.
Unknown command.
Unknown command.
Unknown command.
Read: scroll of fear
Press: ? - help, Dir - look around, f - activate Look: an ogre, wielding a +0 giant club (heavily wounded, chance to affect: 97%)
As you read the scroll of fear, it crumbles to dust.
You assume a fearsome visage.
The ogre easily resists.
The ogre hits you with a +0 giant club.
* * * LOW HITPOINT WARNING * * *
Unknown command.
Unknown command.
Unknown command.
Unknown command.
Unknown command.
Unknown command.
A red film seems to cover your vision as you go berserk!
You feel yourself moving faster!
You feel mighty!
You barely miss the ogre.
The ogre is heavily wounded.
The ogre hits you with a +0 giant club!!
* * * LOW HITPOINT WARNING * * *
Unknown command.
Unknown command.
You barely miss the ogre.
The ogre is heavily wounded.
Unknown command.
Unknown command.
You barely miss the ogre.
The ogre is heavily wounded.
The ogre hits you with a +0 giant club!
You die...

,,,*,,,**#....................,,*
,,,**,,,*...................#,,**
,,,**,,,,.......#...........#***
,,,,*,,,,..[..###...........##
,,,,,,,,,..........#.........#
,,*,,,,,,.###.....####..##..##
,**,,,,***#.###...###..##*###
,,,,,,,,**#.....O......#*
,,,,,,,,,*#.##.†@.......#
,,,,,**,,*#........#..###
,*,>***,,.......##.##.# *****
*,,......#*###### *,,..####*
***.#* *,* ***


You could see an ogre.

Vanquished Creatures
  A black bear (D:6)
  An ogre (D:5)
  A scorpion (D:5)
  2 hounds (D:5)
  An orc priest (D:5)
  2 iguanas
  2 orc wizards (D:5)
  A gnoll (D:1)
  7 adders
  A white imp (D:5)
  2 worms
  A dart slug (D:1)
  11 orcs
  10 ball pythons
  4 bats
  8 endoplasms
  4 giant cockroaches
  9 goblins
  6 hobgoblins
  9 jackals
  3 quokkas
  2 frilled lizards
  6 kobolds
  4 rats
98 creatures vanquished.

Notes
Turn   | Place    | Note
-------+----------+-------------------------------------------
     0 | D:5      | drugrobin the Demigod Delver began the quest for the Orb.
     0 | D:5      | Reached XP level 1. HP: 18/18 MP: 3/3
    36 | D:5      | Noticed a hound
   114 | D:4      | Noticed a scorpion
   114 | D:4      | Noticed an iguana
   419 | D:1      | Reached XP level 2. HP: 18/26 MP: 4/4
  1334 | D:1      | Reached XP level 3. HP: 16/31 MP: 5/5
  2637 | D:2      | Reached XP level 4. HP: 39/40 MP: 6/6
  3995 | D:4      | Noticed Grinder
  4005 | D:4      | Noticed an orc warrior
  4216 | D:5      | Found a staircase to the Ecumenical Temple.
  4223 | D:5      | Noticed an ogre
  4468 | D:5      | Reached XP level 5. HP: 47/47 MP: 7/7
  4497 | D:5      | Noticed an orc warrior
  4935 | D:5      | Reached XP level 6. HP: 48/55 MP: 8/8
  4994 | D:5      | Reached skill level 5 in Fighting
  5353 | D:4      | Paralysed by Grinder for 5 turns
  5456 | D:4      | Reached skill level 5 in Axes
  5572 | D:6      | Reached XP level 7. HP: 33/62 MP: 9/9
  5668 | D:6      | HP: 1/93 [ogre/+0 giant club (26)]
  5670 | D:6      | Mangled by an ogre

Illustrated notes

Levels and vault maps discovered:
D:1:      dreamdust_arrival_sigmund_warning, layout_basic,
          hellmonk_ecumenical_altar_dog_temple, minmay_misc_feat_five
D:2:      layout_basic
D:3:      layout_basic, st_stairs_9, minmay_box_of_dots
D:4:      layout_rooms, pdpol_wu_jian_five_deadly_venoms,
          mainiacjoe_overflow_cross_hatched, kennysheep_little_box, uniq_pargi,
          uniq_grinder
D:5:      layout_gridville, lemuel_crystal_altar, minmay_temple_entry_slanted,
          minmay_liquid_box, minmay_holes
D:6:      layout_cave_pools, gup_sewer_entry_spiral,
          chequers_serial_rivers_micro_e

Skill      XL: |  1  2  3  4  5  6 |
---------------+-------------------+-----
Axes           | 2 3 4 5 |  5.3
Fighting       | 3 4 5 |  5.7
Dodging        | |  1.7
Stealth        | |  4.5

Action                   |  1- 3 |  4- 6 |  7- 9 || total
-------------------------+-------+-------+-------++-------
Melee: Hand axe          |   171 |   234 |     7 ||   412
       Punch             |     2 |     2 |       ||     4
 Fire: Shortbow          |       |    25 |       ||    25
Throw: Boomerang         |       |    21 |     2 ||    23
       Stone             |       |     4 |       ||     4
  Use: Potion            |     1 |       |     1 ||     2
       Scroll            |       |       |     2 ||     2
 Stab: Sleeping          |     1 |       |       ||     1
Armor: Leather armour    |    15 |       |       ||    15
       Plate armour      |   104 |   238 |       ||   342
Dodge: Dodged            |    85 |    84 |       ||   169

Table legend: (Time is in decaauts)
 A = Elapsed time spent in this place.
 B = Non-inter-level travel time spent in this place.
 C = Inter-level travel time spent in this place.
 D = Time resting spent in this place.
 E = Time spent auto-exploring this place.
 F = Levels seen in this place.
 G = Mean time per level.
                   A        B        C        D        E       F      G
               +--------+--------+--------+--------+--------+-----+--------+
         Total |   5759 |   5495 |    264 |   1334 |   2677 |   6 |  959.8 |
       Dungeon |   5759 |   5495 |    264 |   1334 |   2677 |   6 |  959.8 |
               +--------+--------+--------+--------+--------+-----+--------+

Top non-repeatable levels by time:
     D:3: 1553 daAuts
     D:1: 1516 daAuts
     D:2: 1052 daAuts
     D:5: 1039 daAuts
     D:4: 461 daAuts
     D:6: 135 daAuts
